 Dungeon Crawl Stone Soup version 0.18.1-48-g4cf74bf (webtiles) character file.

3100 Gargoyl the Protected (level 9, 0/105 HPs)
             Began as a Demonspawn Abyssal Knight on June 25, 2016.
             Was an Elder of Lugonu.
             Succumbed to a wasp's poison
             ... on level 8 of the Dungeon.
             The game lasted 00:17:22 (8950 turns).

Gargoyl the Protected (Demonspawn Abyssal Knight)   Turns: 8950, Time: 00:17:22

Health: 0/105      AC: 15    Str: 21    XL:     9   Next: 59%
Magic:  11/11      EV:  7    Int: 15    God:    Lugonu [****..]
Gold:   172        SH:  0    Dex: 13    Spells: 0 memorised, 8 levels left

rFire  . . .     SeeInvis .     a - +0 war axe
rCold  . . .     Gourm    +     g - +0 plate armour
rNeg   . . .     Faith    .     (no shield)
rPois  .         Spirit   .     (helmet restricted)
rElec  .         Dismiss  .     (no cloak)
rCorr  .         Reflect  .     b - +1 pair of gloves
SustAt .         Harm     .     (no boots)
MR     +....                    l - amulet of the gourmand
Stlth  ..........               w - +2 ring of evasion (curse)
                                y - ring of protection from magic

@: berserking, lethally poisoned (0 -> -8), very heavily drained, very quick,
somewhat resistant to hostile enchantments, extremely unstealthy
A: antennae 2, yellow scales 2, clever 1, powered by death 1, screaming 2
a: Depart the Abyss, Bend Space, Banish, Corrupt, Renounce Religion


You were on level 8 of the Dungeon.
You worshipped Lugonu.
Lugonu was greatly pleased with you.
You were very full.

You visited 1 branch of the dungeon, and saw 8 of its levels.
You visited the Abyss 2 times.

You collected 352 gold pieces.
You spent 180 gold pieces at shops.

Inventory:

Hand Weapons
 a - a +0 war axe (weapon)
Missiles
 u - 11 javelins (quivered)
Armour
 b - a +1 pair of gloves (worn)
 g - a +0 plate armour (worn)
Jewellery
 l - an amulet of the gourmand (around neck)
 w - a cursed +2 ring of evasion (right hand)
 y - a ring of protection from magic (left hand)
Wands
 f - a wand of acid (10/15)
 h - a wand of digging (15/24)
 x - a wand of acid (0/15)
 C - a wand of acid (1/15)
 J - a wand of iceblast (5/15)
Scrolls
 d - 2 scrolls of recharging {unknown}
 i - 2 scrolls of noise {unknown}
 j - 2 scrolls of amnesia {unknown}
 k - a scroll of teleportation
 p - 8 scrolls of identify
 r - a scroll of fear {unknown}
 v - 4 scrolls of remove curse {unknown}
 A - 5 scrolls of enchant weapon
 F - a scroll of magic mapping {unknown}
Potions
 q - 2 potions of curing
 t - 2 potions of cure mutation
Books
 e - a book of the Tempests

   Spells                             Type                      Level
   a - Static Discharge               Conjuration/Air              3
   b - Lightning Bolt                 Conjuration/Air              5
   c - Fireball                       Conjuration/Fire             5
   d - Tornado                        Air                          9
   e - Shatter                        Earth                        9
 s - a book of Flames

   Spells                             Type                      Level
   a - Flame Tongue                   Conjuration/Fire             1
   b - Throw Flame                    Conjuration/Fire             2
   c - Conjure Flame                  Conjuration/Fire             3
   d - Inner Flame                    Hexes/Fire                   3
   e - Sticky Flame                   Conjuration/Fire             4
   f - Fireball                       Conjuration/Fire             5
Comestibles
 c - 6 bread rations
 m - 5 meat rations
 n - 2 beef jerkies
 o - a royal jelly
 G - 2 fruits
 I - 7 slices of pizza


   Skills:
 + Level 6.3(0.0) Fighting
 + Level 6.0(0.0) Axes
 + Level 0.3(0.0) Throwing
 * Level 9.3(0.0) Armour
 + Level 2.4(0.0) Dodging
 + Level 1.0(0.0) Stealth
 + Level 2.8(0.0) Invocations
 + Level 0.6(0.0) Evocations


You had 8 spell levels left.
You didn't know any spells.

Dungeon Overview and Level Annotations

Branches:
Dungeon (8/15)             Temple (0/1) D:6
   Lair: D:8-11

Altars:
Cheibriados
Dithmenos
Kikubaaqudgha
Okawaru
Trog
Vehumet
Yredelemnul
The Shining One

Shops:
D:5 ?


Innate Abilities, Weirdness & Mutations

You have a pair of antennae on your head.
You are mostly covered in yellow scales (AC +3).
You regenerate a little health from kills.
Your mind is acute. (Int +2)
You sometimes yell uncontrollably at your foes.


Message History

* * * LOW HITPOINT WARNING * * *
You feel sick. The wasp closely misses you. The wasp stings you.
* * * LOW HITPOINT WARNING * * *
You miss the wasp.
The wasp is moderately wounded.
You feel yourself speed up.
* * * LOW HITPOINT WARNING * * *
You feel sick.
The wasp stings you but does no damage. x2
You barely miss the wasp.
The wasp is moderately wounded.
* * * LOW HITPOINT WARNING * * *
You feel sick. The wasp barely misses you. x2
You are too berserk!
You hit the wasp.
The wasp is moderately wounded.
* * * LOW HITPOINT WARNING * * *
You feel sick. The wasp closely misses you. x2
Your plate armour prevents you from hitting the wasp.
The wasp is moderately wounded.
You die...

.. #..#######..#
...# #..# #..#
<..h{#######..#
#..#
...osyo.......#
#<.#
....o########.#
#.## ...# #.# #.#
.. #.. #.#
######.#### #.#
......sy@.# #.#
.#####.##.###.####
#. #........# #.
####..##.# #.
#...##.# #.
#..###.# #.
#..###.##### #.
#..........#
##.##..###.#


You could see a wasp and a scorpion.

Vanquished Creatures
  Joseph (D:8)
  The ghost of hyl the Slasher, an amateur FoAK of Lugonu (D:3)
  2 yaks (D:7)
  A human (D:7)
  A sky beast (D:5)
  2 ogres
  A phantom (D:5)
  A necrophage (D:7)
  An ice beast (D:7)
  A big kobold (D:7)
  3 giant frogs
  4 scorpions
  7 wights
  A crimson imp (D:7)
  A giant frog zombie (D:5)
  A quasit (D:6)
  A centaur zombie (D:5)
  A jelly (D:8)
  2 hounds (D:4)
  A gnoll shaman (D:5)
  3 orc priests
  An orc wizard (D:6)
  2 giant frog skeletons
  5 worker ants
  2 sheep (D:7)
  A hound skeleton (D:4)
  A mummy (D:7)
  A worker ant zombie (D:7)
  8 adders
  10 gnolls
  A shadow imp (D:5)
  3 adder skeletons
  2 worms (D:3)
  3 dart slugs
  5 giant geckos
  19 orcs
  2 giant cockroaches
  5 goblins
  9 hobgoblins
  3 quokkas
  A ball python (D:2)
  7 bats
  7 giant newts
  14 kobolds
  2 quokka zombies
  7 rats
158 creatures vanquished.

Notes
Turn   | Place    | Note
--------------------------------------------------------------
     0 | Abyss:1  | Gargoyl the Demonspawn Abyssal Knight began the quest for the Orb.
     0 | Abyss:1  | Reached XP level 1. HP: 18/18 MP: 2/2
    58 | Abyss:2  | Noticed a worldbinder
    99 | Abyss:2  | Noticed a wretched star
   100 | D:1      | Escaped the Abyss
   108 | D:1      | Reached * piety under Lugonu
   203 | D:1      | Reached skill level 2 in Armour
   212 | D:1      | Gained mutation: You have a pair of small antennae on your head. [demonic ancestry]
   212 | D:1      | Reached XP level 2. HP: 22/24 MP: 3/3
   587 | D:1      | Gained mutation: You are partially covered in yellow scales (AC +2). [demonic ancestry]
   587 | D:1      | Reached XP level 3. HP: 29/29 MP: 4/4
  1219 | D:2      | Found a bloodstained altar of Trog.
  1257 | D:2      | Found an iron altar of Okawaru.
  1572 | D:3      | Gained mutation: You are mostly covered in yellow scales (AC +3). [demonic ancestry]
  1572 | D:3      | Reached XP level 4. HP: 35/37 MP: 6/6
  1631 | D:3      | Reached ** piety under Lugonu
  1642 | D:3      | Reached skill level 3 in Armour
  1691 | D:3      | Reached skill level 1 in Dodging
  1933 | D:3      | Noticed hyl's ghost (amateur FoAK)
  2254 | D:4      | Reached XP level 5. HP: 13/42 MP: 7/7
  2538 | D:5      | Entered Level 5 of the Dungeon
  2767 | D:4      | Cast into level 1 of the Abyss (orc)
  2767 | Abyss:1  | Found a corrupted altar of Lugonu.
  2790 | Abyss:1  | Found a corrupted altar of Lugonu.
  2823 | Abyss:1  | Noticed a large abomination
  2857 | D:4      | Escaped the Abyss
  3074 | D:4      | Reached skill level 4 in Armour
  3373 | D:4      | Reached XP level 6. HP: 24/48 MP: 8/8
  5008 | D:5      | You fall through a shaft for 3 floors!
  5035 | D:7      | Reached skill level 5 in Armour
  5035 | D:7      | Gained mutation: You regenerate a little health from kills. [demonic ancestry]
  5035 | D:7      | Reached XP level 7. HP: 51/54 MP: 9/9
  5081 | D:7      | Found a shadowy altar of Dithmenos.
  5423 | D:6      | Found a staircase to the Ecumenical Temple.
  5474 | D:5      | Reached skill level 5 in Fighting
  5520 | D:5      | Found Xohiybrim's Magic Scroll Shoppe.
  5547 | D:5      | Gained mutation: You occasionally shout uncontrollably at your foes. [mutagenic meat]
  5548 | D:5      | Gained mutation: Your body sometimes deteriorates upon taking damage. [mutagenic meat]
  5549 | D:5      | Gained mutation: Your mind is acute. (Int +2) [mutagenic meat]
  5550 | D:5      | Lost mutation: Your body sometimes deteriorates upon taking damage. [mutagenic meat]
  5551 | D:5      | Gained mutation: You sometimes yell uncontrollably at your foes. [mutagenic meat]
  5555 | D:5      | Bought a scroll of enchant armour for 75 gold pieces
  5555 | D:5      | Bought a scroll of enchant weapon for 75 gold pieces
  5555 | D:5      | Bought a scroll of teleportation for 30 gold pieces
  5662 | D:5      | Found a snail-covered altar of Cheibriados.
  5769 | D:5      | Reached skill level 6 in Armour
  5798 | D:5      | Reached XP level 8. HP: 25/61 MP: 10/10
  6073 | D:5      | Reached *** piety under Lugonu
  6114 | D:5      | Found a glowing golden altar of the Shining One.
  6669 | D:3      | Killed hyl's ghost
  6907 | D:6      | Found an ancient bone altar of Kikubaaqudgha.
  6965 | D:6      | Reached skill level 5 in Axes
  6981 | D:6      | Reached skill level 7 in Armour
  7336 | D:6      | Found a basalt altar of Yredelemnul.
  7450 | D:6      | Found a radiant altar of Vehumet.
  7567 | D:7      | Reached skill level 8 in Armour
  7567 | D:7      | Gained mutation: You have a pair of antennae on your head. [demonic ancestry]
  7567 | D:7      | Reached XP level 9. HP: 39/68 MP: 11/11
  8403 | D:8      | Reached **** piety under Lugonu
  8430 | D:8      | Reached skill level 1 in Stealth
  8453 | D:8      | Noticed Joseph
  8521 | D:8      | Killed Joseph
  8521 | D:8      | Reached skill level 9 in Armour
  8926 | D:8      | Paralysed by a wasp for 2 turns
  8946 | D:8      | HP: 5/105 [wasp (3)]
  8948 | D:8      | HP: 2/105 [poisoned by a wasp]
  8950 | D:8      | Succumbed to a wasp's poison

Skill      XL: |  1  2  3  4  5  6  7  8  9 |
---------------+----------------------------+-----
Armour         | 2 3 4 5 6 8 9 |  9.3
Axes           | 2 3 4 5 6 |  6.0
Dodging        | 1 2 |  2.4
Fighting       | 4 5 6 |  6.3
Stealth        | 1 |  1.0
Throwing       | |  0.3
Invocations    | |  2.8
Evocations     | |  0.6

Action                   |  1- 3 |  4- 6 |  7- 9 || total
-------------------------+-------+-------+-------++-------
Melee: Hand axe          |   129 |   343 |   364 ||   836
       War axe           |       |       |   168 ||   168
Throw: Javelin           |       |     1 |     2 ||     3
Invok: Depart the Abyss  |     1 |     1 |       ||     2
Evoke: Wand              |       |     2 |       ||     2
  Use: Potion            |       |     5 |     6 ||    11
       Scroll            |       |       |     4 ||     4
  Eat: Chunk             |     2 |     9 |    21 ||    32
       Fruit             |       |     4 |       ||     4
       Bread ration      |       |       |     1 ||     1
Armor: Plate armour      |   129 |   316 |   403 ||   848
       Leather armour    |     4 |       |       ||     4
Dodge: Dodged            |    35 |    97 |   238 ||   370
